Map: [ESL] Dragon Scales

Players

Spirit

  • Race: Terran Terran
  • Spawn Location: 5:00

Reynor - Winner!

  • Race: Zerg Zerg
  • Spawn Location: 11:00

Event: ESL SC2 Masters 2023 Summer (Regionals)

VOD

Have the link to the VOD?

Description

Time

  • Played on: May 20, 2023, 11:35 a.m.
  • Length: 11:01

All games in this series

Show
View Real Time Build Order
Export as new Build Order

Spirit Terran 

Build Orders: Command Center First 

Get SALT Encoding   

  12  0:00  SCV  
  13  0:12  SCV  
  14  0:17  Supply Depot  
  14  0:24  SCV  
  15  0:38  SCV  
  16  0:50  SCV  
  17  0:58  Command Center  
  17  1:03  SCV  
  18  1:12  Barracks  
  18  1:15  SCV  
  19  1:21  Refinery  
  19  1:27  SCV  
  19  1:29  Refinery  
  20  1:39  SCV  
  21  1:54  SCV  
  21  2:00  Marine  
  23  2:07  Orbital Command  
  23  2:10  Orbital Command  
  22  2:16  Factory  
  22  2:20  Barracks Reactor  
  22  2:28  Orbital Command  
  22  2:32  SCV  
  23  2:44  SCV  
  24  2:56  SCV  
  24  2:57  Marine x2  
  27  2:59  Hellion  
  27  3:01  SCV  
  27  3:03  Starport  
  27  3:05  Orbital Command  
  30  3:08  SCV, Supply Depot  
  31  3:20  SCV  
  32  3:27  Hellion  
  32  3:28  Hellion  
  32  3:29  Supply Depot  
  32  3:30  SCV, Barracks Tech Lab  
  32  3:32  SCV  
  38  3:40  Viking  
  40  3:42  SCV  
  40  3:45  SCV  
  40  3:48  Stimpack, Marine  
  42  3:49  Hellion  
  42  3:51  Hellion  
  42  3:54  SCV  
  48  3:57  Barracks, SCV  
  48  4:01  Barracks  
  49  4:06  SCV  
  49  4:09  SCV  
  51  4:13  Starport Reactor  
  51  4:19  SCV, Factory Tech Lab  
  51  4:21  Barracks, SCV  
  53  4:27  Barracks  
  53  4:31  SCV, Engineering Bay  
  54  4:35  Refinery, Supply Depot  
  54  4:43  Marine, Siege Tank, SCV  
  54  4:45  SCV  
  60  4:46  Barracks Reactor  
  60  4:47  Barracks Reactor  
  60  4:55  SCV  
  60  4:57  SCV  
  62  5:00  Terran Infantry Weapons Level 1, Supply Depot  
  62  5:03  Starport Reactor, Refinery  
  62  5:07  SCV  
  62  5:09  Marine, SCV  
  62  5:11  Marine  
  66  5:19  SCV  
  67  5:21  SCV  
  67  5:24  Marine x2, Supply Depot  
  67  5:27  Combat Shield  
  70  5:30  Siege Tank  
  70  5:32  Marine  
  70  5:33  Marine  
  70  5:34  Supply Depot  
  70  5:35  Marine  
  75  5:37  Marine  
  75  5:39  Marine  
  78  5:45  Marine x2, Medivac  
  78  5:48  Medivac  
  84  5:51  Marine  
  84  5:52  Marine  
  84  5:55  Marine  
  84  5:56  Marine x2  
  89  6:02  Siege Tank  
  89  6:04  Marine  
  93  6:07  Supply Depot  
  93  6:09  Supply Depot  
  93  6:10  Marine  
  94  6:20  Supply Depot  
  94  6:28  Marine x5  
  94  6:30  Marine  
  94  6:32  Marine x2  
  101  6:34  Siege Tank  
  101  6:36  Marine  
  104  6:46  Marine x4  
  101  6:48  Marine  
  101  6:49  Marine  
  101  6:53  Marine  
  101  6:54  Marine  
  104  6:56  Marine  
  106  7:03  Medivac  
  106  7:04  Marine x2  
  106  7:05  Medivac  
  106  7:06  Marine, Siege Tank  
  116  7:08  Marine  
  116  7:14  Marine  
  118  7:21  Marine x2  
  118  7:22  Supply Depot  
  118  7:26  Supply Depot  
  118  7:34  Marine x3  
  118  7:35  Marine x2  
  118  7:37  Marine x2  
  95  7:44  Medivac x2  
  95  7:45  Marine  
  95  7:46  Marine  
  98  7:52  Marine x2, Siege Tank  
  98  7:53  Marine  
  98  7:55  Marine  
  98  7:57  Marine  
  106  7:58  Marine  
  106  8:00  Marine  
  106  8:04  Marine x2  
  110  8:09  Marine x2  
  110  8:11  Marine  
  109  8:13  Marine  
  109  8:17  Marine x2  
  109  8:18  Marine  
  111  8:22  Marine x2  
  111  8:26  Siege Tank  
  116  8:27  Marine x2  
  116  8:29  Marine  
  116  8:31  Marine  
  120  8:35  Marine x3  
  120  8:40  Marine x2  
  125  8:45  Marine x2  
  125  8:47  Marine  
  128  8:49  Marine  
  129  8:57  Marine x4  
  129  8:58  Marine  
  129  9:01  Siege Tank  
  125  9:03  Marine x2  
  125  9:05  Marine  
  125  9:07  Marine  
  126  9:13  Liberator  
  126  9:15  Liberator  
  132  9:22  Marine  
  132  9:23  Marine x4  
  124  9:25  Marine  
  124  9:27  Marine  
  124  9:29  Marine  
  124  9:30  Marine  
  116  9:37  Siege Tank  
  113  9:40  Marine  
  113  9:45  Marine x4  
  116  9:47  Marine  
  116  9:48  Marine  
  118  9:55  Marine  
  118  9:56  Marine  
  118  9:58  Marine  
  120  10:03  Marine x4  
  120  10:04  Marine  
  125  10:07  Marine  
  110  10:16  Marine  
  110  10:18  Marine  
  110  10:20  Marine x2, Siege Tank  
  110  10:21  Marine  
  96  10:23  Marine  
  96  10:25  Marine  
  96  10:26  Marine  
  89  10:29  Marine  
  91  10:36  Marine  
  91  10:38  Marine  
Show
View Real Time Build Order
Export as new Build Order

Reynor Zerg - Winner!

Build Orders: Pool First 

Get SALT Encoding   

  12  0:00  Drone  
  13  0:12  Overlord  
  13  0:16  Drone  
  14  0:30  Drone x2  
  16  0:40  Spawning Pool  
  15  0:43  Drone  
  15  0:47  Drone  
  17  1:07  Hatchery  
  17  1:10  Drone  
  17  1:27  Zergling x6  
  17  1:29  Queen  
  22  1:33  Extractor  
  22  1:38  Overlord  
  21  1:48  Drone  
  22  2:00  Drone  
  23  2:04  Queen  
  25  2:10  Drone  
  26  2:20  Drone  
  26  2:22  Drone  
  28  2:30  Drone  
  28  2:32  Drone  
  30  2:38  Drone x2  
  30  2:40  Hatchery  
  31  2:45  Overlord  
  31  2:47  Drone  
  31  2:51  Drone  
  33  2:54  Drone  
  33  2:56  Drone  
  35  3:01  Metabolic Boost  
  35  3:03  Drone  
  36  3:05  Drone  
  36  3:11  Queen  
  39  3:15  Overlord  
  39  3:18  Drone  
  40  3:20  Drone  
  40  3:21  Drone  
  40  3:23  Drone  
  40  3:26  Drone  
  44  3:32  Queen  
  44  3:33  Drone  
  47  3:37  Overlord  
  47  3:41  Drone  
  47  3:45  Drone  
  47  3:46  Queen  
  51  3:53  Drone x2, Queen  
  56  3:55  Drone  
  56  4:03  Zergling x4  
  56  4:06  Overlord  
  58  4:13  Drone  
  58  4:14  Drone  
  62  4:17  Drone  
  62  4:18  Drone, Lair  
  62  4:19  Overlord  
  62  4:20  Drone  
  62  4:22  Queen  
  65  4:27  Drone, Baneling Nest  
  65  4:28  Drone  
  65  4:29  Drone  
  67  4:35  Extractor, Overlord  
  67  4:36  Drone  
  67  4:38  Drone  
  67  4:39  Queen  
  67  4:45  Drone  
  71  4:47  Drone x3  
  71  4:49  Overlord  
  74  4:53  Spore Crawler  
  74  4:54  Drone, Spore Crawler  
  72  5:01  Drone x2, Spore Crawler, Overlord  
  72  5:03  Zergling x4  
  72  5:06  Zergling x2  
  76  5:07  Drone  
  77  5:16  Drone  
  77  5:17  Drone  
  77  5:18  Baneling x2  
  77  5:20  Drone  
  80  5:24  Drone  
  80  5:25  Centrifugal Hooks  
  81  5:28  Baneling x2  
  81  5:29  Hatchery  
  81  5:30  Zergling x2  
  81  5:31  Zergling x8  
  81  5:32  Overlord  
  81  5:34  Drone  
  81  5:35  Drone  
  87  5:36  Drone  
  87  5:38  Drone x2  
  87  5:40  Drone  
  87  5:41  Drone  
  92  5:47  Drone  
  92  5:49  Overlord  
  93  5:52  Zergling x2  
  93  5:56  Zergling x2  
  94  6:01  Zergling x2, Evolution Chamber  
  94  6:02  Evolution Chamber  
  93  6:05  Extractor  
  93  6:06  Extractor  
  93  6:07  Zergling x8  
  93  6:09  Zergling x8  
  93  6:10  Zergling x4  
  101  6:11  Baneling  
  101  6:12  Baneling  
  101  6:13  Zergling x4  
  101  6:17  Zergling x2  
  104  6:19  Baneling x4  
  104  6:23  Overlord  
  103  6:26  Zergling x4  
  103  6:31  Queen  
  107  6:35  Zergling x10  
  107  6:37  Zergling x2  
  107  6:38  Zergling x2  
  114  6:41  Zergling x4  
  114  6:42  Zergling x2  
  114  6:43  Zergling x2  
  114  6:44  Zergling x4  
  114  6:46  Zergling x4  
  106  6:49  Baneling x4  
  106  6:51  Zergling x4  
  106  6:53  Baneling x8  
  108  6:56  Zergling x4  
  108  7:01  Zergling x2  
  111  7:03  Zergling x2  
  111  7:07  Queen x2  
  111  7:08  Queen  
  116  7:09  Zerg Ground Armor Level 1  
  116  7:10  Zergling x10  
  116  7:13  Zergling x2  
  124  7:15  Overlord  
  124  7:17  Overlord x2  
  124  7:20  Zergling x4  
  126  7:23  Baneling x6  
  126  7:25  Zergling x2  
  126  7:26  Overlord  
  123  7:39  Zergling x6  
  123  7:40  Zergling x14  
  123  7:41  Zergling x2  
  123  7:42  Queen  
  116  7:45  Zerg Melee Weapons Level 1  
  116  7:46  Zergling x10  
  116  7:48  Zergling x2  
  120  7:52  Drone  
  120  7:55  Burrow  
  120  7:56  Zergling x6  
  124  7:59  Baneling x4  
  124  8:00  Baneling x3  
  124  8:04  Zergling x2  
  125  8:09  Zergling x6  
  126  8:16  Zergling x8  
  126  8:19  Zergling x4  
  133  8:20  Zergling x2  
  133  8:21  Drone  
  133  8:22  Drone x3  
  133  8:24  Zergling x4  
  139  8:28  Zergling x4  
  139  8:29  Baneling x12  
  139  8:31  Zergling x4  
  143  8:35  Baneling x4  
  143  8:38  Zergling x2  
  143  8:39  Zergling x2  
  145  8:41  Zergling x4  
  147  8:50  Zergling x2  
  147  8:51  Zergling x4  
  147  8:54  Zergling x2  
  147  8:55  Zergling x2  
  151  8:56  Overlord  
  151  8:57  Overlord  
  151  8:58  Overlord  
  151  9:00  Zergling x6  
  151  9:02  Zergling x8  
  150  9:05  Queen  
  145  9:10  Zergling x2  
  145  9:11  Zergling x6, Baneling  
  145  9:12  Queen, Baneling x9  
  146  9:18  Zergling x4  
  122  9:24  Zergling x6  
  122  9:25  Zergling x6  
  122  9:27  Zergling x2  
  120  9:32  Zergling x4  
  120  9:37  Zergling x2  
  116  9:38  Zergling x2  
  116  9:43  Zergling x4  
  118  9:49  Baneling x11  
  118  9:50  Baneling x5, Zergling x4  
  118  9:51  Baneling x7  
  120  9:54  Queen  
  120  9:56  Zergling x2  
  120  9:57  Zergling x4  
  120  9:59  Zergling x2  
  125  10:05  Zergling x4  
  124  10:09  Zergling x6  
  124  10:12  Zergling x8  
  124  10:13  Queen  
  122  10:19  Zergling x10  
  116  10:23  Zergling x2  
  116  10:24  Queen x2, Overseer  
  116  10:27  Zergling x4  
  120  10:31  Zergling x2  
  120  10:34  Zergling x2  
  120  10:35  Zergling x8  
  125  10:40  Zergling x8  
  129  10:46  Baneling x13  
  129  10:54  Hatchery  
Tags
 
Add a new tag
Caveats
  • Supply blocks, unpowered buildings, or Contaminate may cause inaccurate times.
  • Supply counts are checked every 10 seconds.